 Dungeon Crawl Stone Soup version 0.17.0-73-gb648821 (webtiles) character file.

73675 Vayl the Cleaver (level 15, -9/100 HPs)
             Began as a Gargoyle Fighter on Dec 8, 2015.
             Was the Champion of Okawaru.
             Blown up by an orb spider (29 damage)
             ... with an orb of destruction
             ... on level 4 of the Spider Nest on Dec 9, 2015.
             The game lasted 01:52:58 (13559 turns).

Vayl the Cleaver (Gargoyle Fighter)                Turns: 13559, Time: 01:53:28

Health: -9/100     AC: 45    Str: 29    XL:     15   Next: 44%
Magic:  9/15       EV:  8    Int: 12    God:    Okawaru [******]
Gold:   979        SH: 16    Dex:  9    Spells: 0 memorised, 14 levels left

rFire  + . .     SeeInvis .     a - +8 broad axe of the Fifty Beds {chop, *Drain Str+3 Int+3 Stlth+}
rCold  . . .     Clarity  .     u - +4 plate armour {rF+}
rNeg   + . .     SustAt   .     c - +0 shield
rPois  ∞         Gourm    .     Z - +0 helmet
rElec  +         Spirit   .     (no cloak)
rCorr  .         Warding  .     V - +2 pair of gloves "Quafosm" {rElec}
rMut   .         Stasis   .     D - +1 pair of boots
MR     +....                    C - amulet of regeneration
Stlth  ..........               (no ring)
                                E - +4 ring of protection

@: exhausted, flying, slowed, very slow, somewhat resistant to hostile
enchantments, extremely unstealthy
A: big wings, large bone plates 1, negative energy resistance 1, screaming 1,
electricity resistance, unbreathing, petrification resistance, rot immunity, AC
+11
a: Stop Flying, Heroism, Finesse, Renounce Religion


You were on level 4 of the Spider Nest.
You worshipped Okawaru.
Okawaru was exalted by your worship.
You were not hungry.

You visited 3 branches of the dungeon, and saw 16 of its levels.
You also visited: Bailey and Volcano.

You collected 979 gold pieces.

Inventory:

Hand Weapons
 a - the +8 broad axe of the Fifty Beds (weapon) {chop, *Drain Str+3 Int+3 Stlth+}
   (Okawaru gifted it to you on level 2 of the Lair of Beasts)

   It inflicts extra damage upon your enemies.
   It affects your strength (+3).
   It affects your intelligence (+3).
   It causes draining when unequipped.
   It makes you more stealthy.
 d - the +5 war axe "Keach" {pain, rF+}
   (Okawaru gifted it to you in a bailey)

   In the hands of one skilled in necromantic magic, it inflicts extra damage on
   living creatures.
   It protects you from fire.
 f - the +6 trident "Newtbane" {venom, Dex+4}
   (Okawaru gifted it to you on level 3 of the Spider Nest)

   It poisons the flesh of those it strikes.
   It affects your dexterity (+4).
 p - a +0 battleaxe of draining
 K - the +3 long sword "Muheo" {slice, *Drain Str+5 SInv}
   (You found it on level 8 of the Dungeon)

   It inflicts extra damage upon your enemies.
   It affects your strength (+5).
   It lets you see invisible.
   It causes draining when unequipped.
 Y - a +2 glaive of flaming
Missiles
 P - 11 javelins of returning (quivered)
Armour
 c - a +0 shield (worn)
 u - a +4 plate armour of fire resistance (worn)
 D - a +1 pair of boots (worn)
 O - the -1 hat "Gowoer" {MR- rCorr MP+9 Dex-2}
   (Okawaru gifted it to you on level 4 of the Spider Nest)

   It affects your dexterity (-2).
   It affects your resistance to hostile enchantments.
   It affects your magic capacity (+9).
   It protects you from acid and corrosion.
 V - the +2 pair of gloves "Quafosm" (worn) {rElec}
   (Okawaru gifted it to you on level 10 of the Dungeon)

   It insulates you from electricity.
 Z - a +0 helmet (worn)
Jewellery
 n - an uncursed ring of fire
 r - an uncursed amulet of resist corrosion
 t - an uncursed amulet of rage
 A - an uncursed amulet of resist mutation
 C - an amulet of regeneration (around neck)
 E - a +4 ring of protection (left hand)
Wands
 b - a wand of lightning (10)
 j - a wand of lightning (6)
 k - a wand of draining (7)
 o - a wand of cold (8)
 I - a wand of digging (23)
 M - a wand of enslavement (3)
 Q - a wand of slowing (24)
 T - a wand of magic darts (18)
Scrolls
 g - 4 scrolls of enchant weapon
 i - 3 scrolls of magic mapping
 q - 8 scrolls of remove curse
 s - a scroll of blinking
 v - 5 scrolls of amnesia
 y - 6 scrolls of teleportation
 L - a scroll of recharging
Potions
 h - 6 potions of curing
 l - 5 potions of brilliance
 w - a potion of magic
 z - a potion of haste
 W - a potion of berserk rage
 X - 2 potions of agility
Books
 H - a book of Dreams

   Spells                             Type                      Level
   a - Ensorcelled Hibernation        Hexes/Ice                    2
   b - Phase Shift                    Translocation                5
   c - Shadow Creatures               Summoning                    5
   d - Silence                        Hexes/Air                    5
   e - Darkness                       Hexes                        6
   f - Mass Confusion                 Hexes                        6
 U - a book of Conjurations

   Spells                             Type                      Level
   a - Magic Dart                     Conjuration                  1
   b - Searing Ray                    Conjuration                  2
   c - Dazzling Spray                 Conjuration/Hexes            3
   d - Fulminant Prism                Conjuration/Hexes            4
   e - Iskenderun's Mystic Blast      Conjuration                  4
   f - Iskenderun's Battlesphere      Conjuration/Charms           5
Miscellaneous
 B - a fan of gales (inert)
 J - a disc of storms
 S - a lamp of fire (inert)
Comestibles
 e - 11 bread rations
 x - 16 royal jellies
 N - a meat ration


   Skills:
 + Level 13.7 Fighting
 * Level 14.2 Axes
 + Level 14.1 Armour
 + Level 13.9 Shields


You had 14 spell levels left.
You didn't know any spells.

Dungeon Overview and Level Annotations

Branches:
Dungeon (10/15)            Temple (0/1) D:4            Lair (3/8) D:10
 Spider (4/4) Lair:3
  Swamp: Lair:3-6    Shoals: Lair:3-6       Orc: D:9-12

Altars:
Dithmenos
Elyvilon
Gozag
Nemelex Xobeh
Okawaru
Trog
Vehumet
Xom


Innate Abilities, Weirdness & Mutations

You are resistant to torment.
Your stone body is resilient (AC +11).
You are immune to poison.
Your large and strong wings let you fly indefinitely.
You resist negative energy.
You are resistant to electric shocks.
You can survive without breathing.
You are immune to petrification.
You are immune to rotting.
You are partially covered in large bone plates (AC +2, SH +2).
You occasionally shout uncontrollably at your foes.


Message History

You block the emperor scorpion's attack.
The emperor scorpion claws you but does no damage.
The emperor scorpion claws you!
* * * LOW HITPOINT WARNING * * *
Your air elemental hits the emperor scorpion but does no damage.
The orb spider weaves a glowing orb of energy.
Read which item? (? for menu, Esc to quit)
As you read the scroll of fear, it crumbles to dust.
You assume a fearsome visage.
Your air elemental is unaffected.
The orb of destruction is unaffected.
The orb spider easily resists.
The emperor scorpion looks frightened!
Your air elemental hits the emperor scorpion but does no damage.
Your air elemental's attack snaps the emperor scorpion out of its fear.
Your air elemental closely misses the emperor scorpion.
You block the emperor scorpion's attack.
The emperor scorpion claws you but does no damage. x2
Your air elemental hits the emperor scorpion!
The orb of destruction hits you!
You die...

##... .## ....### ..#
##....##..## ... ###
###...≈......##...##.##
#.≈.≈.....#....$. #...#
#y...#..s.#....####...##
... #.†§≈##s.##.......##
. #(§##..##......%..##
##(@#..#...........#
##Ess....###.......
####...## ###...%†
#....# #/...## ##...#
#..†..# ##### ##....^
#.#†%. ####.. ### ##.


You could see an emperor scorpion, an orb spider, a jumping spider and a
friendly air elemental.

Vanquished Creatures
  Mara (Spider:3)
  Norris (Spider:3)
  Arachne (Spider:3)
  2 ghost moths (Spider:4)
  An emperor scorpion (Spider:4)
  2 hydras
  2 entropy weavers
  A centaur warrior (Volcano)
  The ghost of Razzik the Nimble, a novice TrBe of Trog (Bailey)
  Nergalle (Lair:2)
  An unseen horror (D:10)
  A hill giant (D:10)
  Pikel (D:5)
  19 wolf spiders
  16 orb spiders
  3 hornets
  2 moths of wrath
  Maurice (D:10)
  A centaur skeleton (D:10)
  3 yaktaurs (Volcano)
  11 demonic crawlers
  5 spiny frogs
  A queen bee (Lair:1)
  13 jumping spiders
  9 blink frogs (Lair:3)
  A boulder beetle (Spider:4)
  22 trapdoor spiders
  44 redbacks
  A hog (D:9)
  21 yaks
  18 tarantellas
  A human (D:9)
  3 hippogriffs
  2 steam dragons (D:9)
  4 wolves (Lair:1)
  5 water moccasins
  Duvessa (D:5)
  16 spiders
  2 ice beasts
  11 orc warriors
  9 porcupines
  3 slaves (D:5)
  3 necrophages
  A phantom (D:8)
  A black bear (D:8)
  An ogre (D:9)
  11 centaurs
  A big kobold (D:9)
  5 crocodiles
  5 giant frogs
  Dowan (D:5)
  4 scorpions
  A water moccasin skeleton (D:6)
  27 killer bees
  8 wights (D:8)
  8 crimson imps
  2 electric eels (Spider:3)
  A quasit (D:6)
  2 jellies
  3 hounds
  An orc priest (D:9)
  6 orc wizards
  A centaur zombie (D:9)
  4 iguanas
  A giant frog skeleton (D:5)
  5 worker ants
  16 sheep
  A hound zombie (D:9)
  9 adders
  20 river rats
  2 shadow imps (D:9)
  2 oozes
  An adder zombie (D:6)
  An adder skeleton (D:9)
  6 worms
  4 giant geckos
  37 orcs
  4 giant cockroaches
  13 goblins
  3 hobgoblins
  7 jackals
  2 quokkas
  A ball python (D:4)
  6 bats
  3 giant newts
  2 jackal skeletons (D:4)
  5 kobolds
  11 rats
  A bush (Lair:1)
  3 fungi
  A plant (Lair:3)
528 creatures vanquished.

Vanquished Creatures (collateral kills)
  7 redbacks (Spider:4)
7 creatures vanquished.

Vanquished Creatures (others)
  A jumping spider (Spider:4)
  A redback (Spider:4)
  A worker ant (D:5)
  A giant newt (D:5)
  16 bushes (Lair:1)
  2 fungi (Lair:1)
22 creatures vanquished.

Grand Total: 557 creatures vanquished

Notes
Turn   | Place    | Note
--------------------------------------------------------------
     0 | D:1      | Vayl the Gargoyle Fighter began the quest for the Orb.
     0 | D:1      | Reached XP level 1. HP: 14/14 MP: 1/1
    90 | D:1      | Reached XP level 2. HP: 17/19 MP: 2/2
   746 | D:2      | Reached XP level 3. HP: 23/23 MP: 3/3
  1541 | D:3      | Found a shimmering altar of Xom.
  1551 | D:3      | Reached XP level 4. HP: 29/29 MP: 4/4
  1574 | D:3      | Reached skill level 4 in Fighting
  1632 | D:3      | Reached XP level 5. HP: 27/33 MP: 5/5
  2110 | D:3      | Reached XP level 6. HP: 35/39 MP: 6/6
  2448 | D:4      | Found an iron altar of Okawaru.
  2462 | D:4      | Became a worshipper of Warmaster Okawaru
  2479 | D:4      | Found a shadowy altar of Dithmenos.
  2566 | D:4      | Found a bloodstained altar of Trog.
  2588 | D:4      | Found a staircase to the Ecumenical Temple.
  2742 | D:4      | Found a white marble altar of Elyvilon.
  2814 | D:4      | Found a radiant altar of Vehumet.
  2895 | D:5      | Entered Level 5 of the Dungeon
  2895 | D:5      | Noticed Pikel
  2909 | D:5      | Killed Pikel
  2909 | D:5      | Reached * piety under Okawaru
  2909 | D:5      | Reached ** piety under Okawaru
  2909 | D:5      | Reached skill level 5 in Fighting
  2909 | D:5      | Reached skill level 5 in Armour
  2909 | D:5      | Reached skill level 5 in Shields
  2909 | D:5      | Reached XP level 7. HP: 23/44 MP: 7/7
  3117 | D:5      | Found an opulent altar of Gozag.
  3207 | D:5      | Reached XP level 8. HP: 47/51 MP: 8/8
  3296 | D:5      | Noticed Duvessa
  3300 | D:5      | Noticed Dowan
  3309 | D:5      | Killed Duvessa
  3309 | D:5      | Reached skill level 6 in Shields
  3320 | D:5      | Killed Dowan
  3618 | D:6      | Reached *** piety under Okawaru
  3618 | D:6      | Reached skill level 5 in Axes
  3883 | D:6      | You fall through a shaft for 2 floors!
  3926 | D:8      | Reached skill level 7 in Armour
  3926 | D:8      | Reached XP level 9. HP: 53/56 MP: 9/9
  4166 | D:8      | Got a smoking long sword
  4188 | D:8      | Reached skill level 8 in Armour
  4200 | D:8      | Reached **** piety under Okawaru
  4556 | D:9      | Identified the cursed +3 long sword "Muheo" {slice, *Drain Str+5 SInv} (You found it on level 8 of the Dungeon)
  4586 | D:9      | Found a sparkling altar of Nemelex Xobeh.
  5221 | D:9      | Reached XP level 10. HP: 61/64 MP: 10/10
  5227 | D:9      | Reached skill level 9 in Armour
  5324 | D:10     | Entered Level 10 of the Dungeon
  5348 | D:10     | Found a staircase to the Lair.
  5382 | D:10     | Got a fine buckler
  5452 | D:10     | Noticed Maurice
  5475 | D:10     | Killed an unseen horror
  5475 | D:10     | Reached ***** piety under Okawaru
  5540 | D:10     | Found a flagged portal.
  5546 | Bailey   | Entered a bailey
  5546 | Bailey   | Noticed Razzik's ghost (novice TrBe)
  5581 | Bailey   | Killed Razzik's ghost
  5630 | Bailey   | Received a gift from Okawaru
  5632 | Bailey   | Got a brightly glowing war axe {god gift}
  5633 | Bailey   | Identified the +5 war axe "Keach" {pain, rF+} (Okawaru gifted it to you in a bailey)
  5939 | Bailey   | Reached skill level 10 in Armour
  5984 | Bailey   | Reached XP level 11. HP: 61/71 MP: 11/11
  6149 | Bailey   | Got an opalescent robe
  6712 | D:10     | Killed Maurice
  6712 | D:10     | Received a gift from Okawaru
  6713 | D:10     | Got a pair of smoking gloves {god gift}
  6719 | D:10     | Identified the +2 pair of gloves "Quafosm" {rElec} (Okawaru gifted it to you on level 10 of the Dungeon)
  6840 | D:10     | Noticed a hill giant
  6851 | D:10     | Killed a hill giant
  6956 | Lair:1   | Entered Level 1 of the Lair of Beasts
  6985 | Lair:1   | Reached skill level 10 in Shields
  7033 | Lair:1   | Reached skill level 10 in Fighting
  7119 | Lair:1   | Found a dark tunnel.
  7153 | Volcano  | Entered a volcano
  7172 | Volcano  | Found a radiant altar of Vehumet.
  7173 | Volcano  | Noticed a centaur warrior
  7197 | Volcano  | Killed a centaur warrior
  7407 | Lair:1   | Reached skill level 11 in Armour
  7649 | Lair:1   | Reached XP level 12. HP: 28/79 MP: 12/12
  7859 | Lair:1   | Noticed an eight-headed hydra
  7870 | Lair:1   | Killed a three-headed hydra
  7870 | Lair:1   | Reached ****** piety under Okawaru
  8204 | Lair:2   | Received a gift from Okawaru
  8219 | Lair:2   | Got a bone broad axe {god gift}
  8220 | Lair:2   | Identified the +8 broad axe of the Fifty Beds {chop, *Drain Str+3 Int+3 Stlth+} (Okawaru gifted it to you on level 2 of the Lair of Beasts)
  8234 | Lair:2   | Noticed Nergalle
  8244 | Lair:2   | Killed Nergalle
  8420 | Lair:2   | Gained mutation: Your large and strong wings let you fly indefinitely. [potion of mutation]
  8420 | Lair:2   | Gained mutation: You are partially covered in large bone plates (AC +2, SH +2). [potion of mutation]
  8420 | Lair:2   | Gained mutation: You occasionally shout uncontrollably at your foes. [potion of mutation]
  9064 | Lair:3   | Reached skill level 10 in Axes
  9286 | Lair:3   | Noticed a five-headed hydra
  9302 | Lair:3   | Killed a one-headed hydra
  9302 | Lair:3   | Reached skill level 12 in Armour
  9386 | Lair:3   | Found a hole to the Spider Nest.
  9395 | Spider:1 | Entered Level 1 of the Spider Nest
  9418 | Spider:1 | Received a gift from Okawaru
  9418 | Spider:1 | Reached XP level 13. HP: 70/85 MP: 13/13
 10027 | Spider:1 | Received a gift from Okawaru
 10466 | Spider:2 | Upgraded the game from 0.17.0-57-g0e89251 to 0.17.0-73-gb648821
 10731 | Spider:2 | Received a gift from Okawaru
 10793 | Spider:3 | Noticed Norris
 10806 | Spider:3 | Paralysed by Norris for 4 turns
 10950 | Spider:3 | Killed Norris
 10950 | Spider:3 | Received a gift from Okawaru
 10950 | Spider:3 | Reached skill level 13 in Armour
 10950 | Spider:3 | Mutation became permanent: Your large and strong wings let you fly indefinitely. [Gargoyle growth]
 10950 | Spider:3 | Reached XP level 14. HP: 64/92 MP: 14/14
 10953 | Spider:3 | Got a scorched trident {god gift}
 10960 | Spider:3 | Identified the +6 trident "Newtbane" {venom, Dex+4} (Okawaru gifted it to you on level 3 of the Spider Nest)
 11279 | Spider:3 | Noticed Mara
 11285 | Spider:3 | Noticed Vayl's illusion
 11303 | Spider:3 | Killed Mara
 11635 | Spider:3 | Noticed Arachne
 11651 | Spider:3 | Killed Arachne
 11877 | Spider:4 | Entered Level 4 of the Spider Nest
 11887 | Spider:4 | Received a gift from Okawaru
 12766 | Spider:4 | Reached XP level 15. HP: 90/99 MP: 15/15
 13321 | Spider:4 | Killed a ghost moth
 13321 | Spider:4 | Reached skill level 14 in Armour
 13337 | Spider:4 | Received a gift from Okawaru
 13350 | Spider:4 | Got an ancient hat {god gift}
 13371 | Spider:4 | Identified the -1 hat "Gowoer" {MR- rCorr MP+9 Dex-2} (Okawaru gifted it to you on level 4 of the Spider Nest)
 13413 | Spider:4 | Noticed an emperor scorpion
 13495 | Spider:4 | Killed a ghost moth
 13541 | Spider:4 | Noticed an emperor scorpion
 13542 | Spider:4 | Killed an emperor scorpion
 13559 | Spider:4 | Blown up by an orb spider

Action                   |  1- 3 |  4- 6 |  7- 9 | 10-12 | 13-15 || total
-------------------------+-------+-------+-------+-------+-------++-------
Melee: War axe           |   148 |   180 |    41 |   568 |       ||   937
       Hand axe          |       |    36 |   431 |       |       ||   467
       Broad axe         |       |       |       |   153 |   645 ||   798
       Glaive            |       |       |       |    11 |       ||    11
Throw: Tomahawk          |       |     9 |       |    11 |    15 ||    35
       Javelin           |       |       |       |     5 |    30 ||    35
 Abil: Fly               |       |       |       |     1 |       ||     1
Evoke: Lamp of fire      |       |       |       |     1 |     2 ||     3
       Fan of gales      |       |       |       |       |     2 ||     2
       Wand              |       |       |       |       |     2 ||     2
       Disc of storms    |       |       |       |       |     1 ||     1
  Use: Scroll            |     1 |     3 |    12 |     8 |    15 ||    39
       Potion            |       |       |       |    15 |     3 ||    18
 Stab: Distracted        |       |       |       |       |     1 ||     1
  Eat: Chunk             |     2 |     5 |     9 |       |       ||    16
       Beef jerky        |       |       |     1 |     3 |     2 ||     6
       Pizza             |       |       |       |     8 |       ||     8
       Fruit             |       |       |       |     5 |     4 ||     9
       Bread ration      |       |       |       |     1 |     1 ||     2
       Meat ration       |       |       |       |       |     1 ||     1
